 Dungeon Crawl Stone Soup version 0.22-a0-271-gc000056 (webtiles) character file.

127 tidbits the Insei (level 5, 5/60 HPs)
             Began as a Gnoll Transmuter on Mar 11, 2018.
             Quit the game on level 3 of the Dungeon.
             The game lasted 00:04:42 (491 turns).

tidbits the Insei (Gnoll Transmuter)                 Turns: 491, Time: 00:04:43

Health: 5/60       AC: 22    Str: 13    XL:     5   Next: 11%
Magic:  21/21      EV:  2    Int: 16    God:
Gold:   38         SH:  0    Dex: 15    Spells: 8/14 levels left

rFire    . . .     SeeInvis .     - Unarmed
rCold    . . .     Gourm    .   (no shield)
rNeg     + + +     Faith    .   (armour currently unavailable)
rPois    +         Spirit   .   (helmet currently unavailable)
rElec    .         Reflect  .   (cloak currently unavailable)
rCorr    .         Harm     .   (gloves currently unavailable)
MR       .....     NoTele   +   (boots currently unavailable)
Stlth    ++........             (no amulet)
HPRegen  0.20/turn              e - ring of magical power
MPRegen  0.17/turn              (no ring)

@: tree-form
A: distributed training, strong nose
a: no special abilities


You were on level 3 of the Dungeon.
You were not hungry.
You were a tree.
You visited 1 branch of the dungeon, and saw 3 of its levels.

You collected 38 gold pieces.

Inventory:

Hand Weapons
 h - a cursed -1 dagger
 o - a +0 hunting sling
Missiles
 a - 9 arrows
 j - 28 stones (quivered)
Armour
 b - a +0 robe (melded)
 i - a +0 pair of boots
 q - a +0 helmet
Jewellery
 e - a ring of magical power (left branch)
   (You found it on level 1 of the Dungeon)
Scrolls
 f - a scroll of noise {unknown}
 g - a scroll of immolation {unknown}
 k - a scroll of remove curse {unknown}
 m - a scroll of enchant armour {unknown}
 p - a scroll of fear {unknown}
 r - a scroll of blinking {unknown}
Potions
 c - a potion of flight {unknown}
Comestibles
 d - 8 rations


   Skills:
 + Level 2.8 Fighting
 + Level 1.3 Short Blades
 + Level 1.3 Long Blades
 + Level 1.3 Axes
 + Level 1.3 Maces & Flails
 + Level 1.3 Polearms
 + Level 1.3 Staves
 + Level 1.3 Slings
 + Level 1.3 Bows
 + Level 1.3 Crossbows
 + Level 1.3 Throwing
 + Level 1.3 Armour
 + Level 4.7 Dodging
 + Level 1.3 Stealth
 + Level 1.3 Shields
 + Level 6.6 Unarmed Combat
 + Level 5.1 Spellcasting
 + Level 1.0 Conjurations
 + Level 1.0 Hexes
 + Level 1.0 Charms
 + Level 1.0 Summonings
 + Level 1.0 Necromancy
 + Level 1.0 Translocations
 + Level 3.9 Transmutations
 + Level 1.0 Fire Magic
 + Level 1.0 Ice Magic
 + Level 1.0 Air Magic
 + Level 1.0 Earth Magic
 + Level 1.0 Poison Magic
 + Level 1.4 Invocations
 + Level 1.3 Evocations


You had 8 spell levels left.
You knew the following spells:

 Your Spells              Type           Power        Failure   Level  Hunger
e - Beastly Appendage     Tmut           ###...       3%          1    None
k - Sticks to Snakes      Tmut           ###.....     4%          2    #......
p - Spider Form           Tmut/Pois      ##........   16%         3    ###....


Dungeon Overview and Level Annotations

Branches:
Dungeon (3/15)

Altars:


Innate Abilities, Weirdness & Mutations

Your experience applies equally to all skills.
((You have very sharp teeth.))
Your uncanny sense of smell can sniff out nearby items.


Message History

The goblin completely misses you.
You bite the goblin!
You kill the goblin!
You hit the rat.
You kill the rat!
Your transformation has ended.
Your +0 hunting sling unmelds from your body.
Your +0 robe unmelds from your body.
Things that are here:
a short sword; 2 stones; a kobold corpse
There is a stone staircase leading up here.
Things that are here:
a club; a rat corpse; a goblin corpse
Found 4 large rocks.
You see here 4 large rocks.
Found a robe and a flail.
Found a ration.
You see here a ration.
d - 8 rations (gained 1)
An orc comes into view. It is wielding a mace.
The orc shouts!
The orc moves out of view.
Unknown command.
Unknown command.
Firing (i - inventory)
j - 29 stones (quivered)
Press: ? - help, Shift-Dir - straight line, f - orc
Aim: an orc, wielding a mace You shoot a stone.
The stone hits the orc.
The orc is moderately wounded.
Casting: Spider Form (safe; 16% risk of failure)
Confirm with . or Enter, or press ? or * to list all spells.
You turn into a venomous arachnid creature.
Your +0 hunting sling melds into your body.
Your +0 robe melds into your body.
A gnoll comes into view. It is wielding a halberd.
You barely miss the orc.
The orc is moderately wounded.
The orc misses you.
The gnoll moves out of view.
You hit the orc.
You kill the orc!
You have reached level 5!
Found a scroll labeled ZECZIQ BUCAO.
Things that are here:
a mace; an orc corpse Unknown command.
Unknown command.
The gnoll shouts!
You hear a shout! x2
You see here a scroll labeled ZECZIQ BUCAO.
Unknown command.
r - a scroll labeled ZECZIQ BUCAO A bat and a gnoll come into view.
The gnoll is wielding a whip of flaming.
The gnoll shouts!
A gnoll sergeant comes into view. It is wielding a trident.
The gnoll hits you from afar with a halberd!!
* * * LOW HITPOINT WARNING * * *
The gnoll sergeant shouts!
The gnoll completely misses you.
A gnoll comes into view. It is wielding a spear.
You barely miss the gnoll.
Your transformation is almost over.
A gnoll comes into view. It is wielding a spear.
You hit the gnoll.
The gnoll is poisoned.
The gnoll is lightly wounded.
The gnoll completely misses you.
You bite the gnoll!
The gnoll is almost dead.
You kill the gnoll!
The gnoll misses you.
The gnoll sergeant hits you from afar with a trident!
* * * LOW HITPOINT WARNING * * *
A gnoll comes into view. It is wielding a spear.
Unknown command.
It was a potion of ambrosia.
You are confused.
You feel invigorated. The gnoll completely misses you. The gnoll misses you.
You're too confused to move!
The gnoll sergeant completely misses you.
The gnoll misses you. The gnoll closely misses you.
The gnoll sergeant completely misses you.
The gnoll hits you from afar with a spear!
* * * LOW HITPOINT WARNING * * *
The gnoll closely misses you.
You feel less invigorated.
You feel less confused.
The gnoll sergeant hits you from afar with a trident!
* * * LOW HITPOINT WARNING * * *
The gnoll misses you.
It was a potion of lignification.
Your transformation has ended.
Your +0 hunting sling unmelds from your body.
Your +0 robe unmelds from your body.
You turn into a tree.
Your +0 robe melds into your body.
Your roots penetrate the ground.
The gnoll sergeant hits you but does no damage.
The gnoll hits you but does no damage.
Wield which item (- for none, * to show all)? (? for menu, Esc to quit)
You are now empty-handed.
Are you sure you want to abandon this character and quit the game? (Confirm with "yes".)

##### #...... #.
...## #..##.#
#.#####..## #..##.#
..........###..#...
#. #...........# #.
#.##..####.##
#.##.##).# #.#
#........# #.#
##♣#.###.# ..#
#.g..# #.# ### ∆
##g### #.#
#...ggg.....#
#####.#####.# #.#
.. #.# ∆∆ ... #.#


You could see a gnoll sergeant and 4 gnolls.

Vanquished Creatures
  A worker ant (D:3)
  A hound skeleton (D:3)
  Robin (D:2)
  A gnoll (D:3)
  An adder (D:2)
  An orc (D:3)
  A ball python (D:2)
  14 goblins
  5 hobgoblins
  4 bats (D:1)
  2 frilled lizards (D:1)
  3 kobolds
  3 rats
38 creatures vanquished.

Vanquished Creatures (collateral kills)
  Terence (D:2)
1 creature vanquished.

Grand Total: 39 creatures vanquished

Notes
Turn   | Place    | Note
-------+----------+-------------------------------------------
     0 | D:1      | tidbits the Gnoll Transmuter began the quest for the Orb.
     0 | D:1      | Reached XP level 1. HP: 17/17 MP: 6/6
    61 | D:1      | Reached XP level 2. HP: 23/23 MP: 7/7
    65 | D:1      | Learned a level 2 spell: Sticks to Snakes
   261 | D:2      | Noticed Terence
   281 | D:2      | Killed Terence
   281 | D:2      | Reached skill level 5 in Spellcasting
   281 | D:2      | Reached XP level 3. HP: 20/28 MP: 9/9
   286 | D:2      | Learned a level 3 spell: Spider Form
   309 | D:2      | Reached skill level 1 in Invocations
   342 | D:2      | Reached skill level 1 in Short Blades
   342 | D:2      | Reached skill level 1 in Long Blades
   342 | D:2      | Reached skill level 1 in Axes
   342 | D:2      | Reached skill level 1 in Maces & Flails
   342 | D:2      | Reached skill level 1 in Polearms
   342 | D:2      | Reached skill level 1 in Staves
   342 | D:2      | Reached skill level 1 in Slings
   342 | D:2      | Reached skill level 1 in Bows
   342 | D:2      | Reached skill level 1 in Crossbows
   342 | D:2      | Reached skill level 1 in Throwing
   342 | D:2      | Reached skill level 1 in Armour
   342 | D:2      | Reached skill level 1 in Stealth
   342 | D:2      | Reached skill level 1 in Shields
   342 | D:2      | Reached skill level 1 in Evocations
   342 | D:2      | Reached XP level 4. HP: 19/34 MP: 11/11
   351 | D:2      | Noticed Robin
   361 | D:2      | Killed Robin
   410 | D:3      | Reached skill level 1 in Conjurations
   410 | D:3      | Reached skill level 1 in Hexes
   410 | D:3      | Reached skill level 1 in Charms
   410 | D:3      | Reached skill level 1 in Summonings
   410 | D:3      | Reached skill level 1 in Necromancy
   410 | D:3      | Reached skill level 1 in Translocations
   410 | D:3      | Reached skill level 1 in Fire Magic
   410 | D:3      | Reached skill level 1 in Ice Magic
   410 | D:3      | Reached skill level 1 in Air Magic
   410 | D:3      | Reached skill level 1 in Earth Magic
   410 | D:3      | Reached skill level 1 in Poison Magic
   470 | D:3      | Reached XP level 5. HP: 33/40 MP: 12/12
   488 | D:3      | HP: 3/40 [gnoll sergeant/trident (12)]
   491 | D:3      | Quit the game

Vault maps used:
D:1:      roderic_chinese_lattice_arrival, serial_bayou_pond_c
D:2:      chequers_ecumenical_altar_simple, eino_tiny_chamber, uniq_jessica,
          uniq_robin, uniq_terence
D:3:      uniq_sigmund

Skill      XL: |  1  2  3  4 |
---------------+-------------+-----
Spellcasting   | 5 |  5.1
Invocations    | 1 |  1.4
Short Blades   | 1 |  1.3
Long Blades    | 1 |  1.3
Axes           | 1 |  1.3
Maces & Flails | 1 |  1.3
Polearms       | 1 |  1.3
Staves         | 1 |  1.3
Slings         | 1 |  1.3
Bows           | 1 |  1.3
Crossbows      | 1 |  1.3
Throwing       | 1 |  1.3
Armour         | 1 |  1.3
Stealth        | 1 |  1.3
Shields        | 1 |  1.3
Evocations     | 1 |  1.3
Conjurations   | 1 |  1.0
Hexes          | 1 |  1.0
Charms         | 1 |  1.0
Summonings     | 1 |  1.0
Necromancy     | 1 |  1.0
Translocations | 1 |  1.0
Fire Magic     | 1 |  1.0
Ice Magic      | 1 |  1.0
Air Magic      | 1 |  1.0
Earth Magic    | 1 |  1.0
Poison Magic   | 1 |  1.0
Fighting       | |  2.8
Dodging        | |  4.7
Unarmed Combat | |  6.6
Transmutations | |  3.9

Action                   |  1- 3 |  4- 6 || total
-------------------------+-------+-------++-------
Melee: Unarmed           |    74 |    27 ||   101
       Bite              |     5 |       ||     5
       Headbutt          |     1 |       ||     1
       Kick              |     2 |       ||     2
       Punch             |     1 |       ||     1
 Fire: Hunting sling     |       |     4 ||     4
 Cast: Beastly Appendage |     9 |       ||     9
       Sticks to Snakes  |     3 |       ||     3
       Spider Form       |     2 |     3 ||     5
  Use: Potion            |       |     2 ||     2
 Stab: Sleeping          |     1 |       ||     1
Armor: Robe              |     6 |     1 ||     7
       Skin              |     2 |     3 ||     5
Dodge: Dodged            |    45 |    30 ||    75

Table legend:
 A = Spawn XP
 B = Non-spawn XP
 C = Spawn XP percentage of total XP
 D = Spawn monster count
 E = Non-spawn monster count
 F = Spawn count percentage of total count
 G = Total turns spent on level
                    A         B        C        D         E        F      G
               +---------+---------+-------+---------+---------+-------+---------
         Total |       0 |     182 |   0.0 |       0 |      39 |   0.0 |   491
               +---------+---------+-------+---------+---------+-------+---------
           D:1 |       0 |      18 |   0.0 |       0 |      12 |   0.0 |   240
           D:2 |       0 |      91 |   0.0 |       0 |      20 |   0.0 |   167
           D:3 |       0 |      73 |   0.0 |       0 |       7 |   0.0 |    84
               +---------+---------+-------+---------+---------+-------+---------

Table legend:
 A = Turns spent in this place as a percentage of turns spent in the entire game.
 B = Non-inter-level travel turns spent in this place as a percentage of non-inter-level travel turns spent in the entire game.
 C = Inter-level travel turns spent in this place as a percentage of turns spent in this place.
 D = Turns resting spent in this place as a percentage of non-inter-level travel turns spent in this place.
 E = Turns spent auto-exploring this place as a percentage of non-inter-level travel turns spent in this place.
 F = Non-inter-level travel turns spent in this place divided by the number of levels of this place that you've seen.
                   A       B       C       D       E      F
               +-------+-------+-------+-------+-------+----------------------
         Total | 100.0 | 100.0 |   0.0 |   0.0 |   0.0 | 163.7
       Dungeon | 100.0 | 100.0 |   0.0 |   0.0 |   0.0 | 163.7
               +-------+-------+-------+-------+-------+----------------------

Table legend:
 A = Kills in this place as a percentage of kills in entire the game.
 B = Kills by you in this place as a percentage of kills by you in the entire game.
 C = Kills by friends in this place as a percentage of kills by friends in the entire game.
 D = Other kills in this place as a percentage of other kills in the entire game.
 E = Experience gained in this place as a percentage of experience gained in the entire game.
 F = Experience gained in this place divided by the number of levels of this place that you have seen.
                   A       B       C       D       E      F
               +-------+-------+-------+-------+-------+----------------------
         Total | 100.0 | 100.0 | 100.0 |   N/A | 100.0 |  60.7
       Dungeon | 100.0 | 100.0 | 100.0 |   N/A | 100.0 |  60.7
               +-------+-------+-------+-------+-------+----------------------

Vault maps used:
D:1:      roderic_chinese_lattice_arrival, serial_bayou_pond_c
D:2:      chequers_ecumenical_altar_simple, eino_tiny_chamber, uniq_jessica,
          uniq_robin, uniq_terence
D:3:      uniq_sigmund
